 Dungeon Crawl Stone Soup version 0.27-a0-901-g8736458 (webtiles) character file.

Game seed: 13187536141318676617

56 Nithhogg the Skirmisher (level 3, 0/30 HPs)
             Began as a Demonspawn Fighter on Apr 5, 2021.
             Slain by Crazy Yiuf
             ... wielding a +4 quarterstaff of chaos
              (9 damage)
             ... on level 2 of the Dungeon.
             The game lasted 00:03:26 (1715 turns).

Nithhogg the Skirmisher (Demonspawn Fighter)        Turns: 1715, Time: 00:03:27

Health: 0/30       AC:  8    Str: 17    XL:     3   Next: 69%
Magic:  3/3        EV:  9    Int:  9    God:
Gold:   71         SH:  0    Dex: 12    Spells: 2/2 levels left

rFire    . . .     SeeInvis .   a - +0 long sword
rCold    . . .     Faith    .   (no shield)
rNeg     . . .     Spirit   .   b - +0 scale mail
rPois    .         Reflect  .   (no helmet)
rElec    .         Harm     .   (no cloak)
rCorr    .         Rampage  .   (no gloves)
Will     .....                  (no boots)
Stlth    ..........             (no amulet)
HPRegen  0.10/turn              (no ring)
MPRegen  0.08/turn              (no ring)

@: no status effects
A: thin metallic scales 1, demonic guardian 1
a: no special abilities


You were on level 2 of the Dungeon.
You visited 1 branch of the dungeon, and saw 2 of its levels.

You collected 71 gold pieces.

Inventory:

Hand Weapons
 a - a +0 long sword (weapon)
Armour
 b - a +0 scale mail (worn)
 c - a +0 kite shield
Scrolls
 e - a scroll of identify {unknown}
 f - a scroll of noise {unknown}
Potions
 d - a potion of might
 g - a potion of berserk rage {unknown}


   Skills:
 * Level 3.7 Fighting
 + Level 2.2 Long Blades
 + Level 3.0 Armour
 + Level 1.2 Dodging
 - Level 2.6 Shields


You had 2 spell levels left.
You didn't know any spells.
Your spell library contained the following spells:

 Spells                   Type           Power      Damage    Failure   Level
 Beastly Appendage        Tmut           0%         N/A       80%         1
 Wereblood                Tmut           0%         N/A       90%         2
 Spider Form              Tmut/Pois      0%         N/A       99%         3
 Ice Form                 Ice/Tmut       0%         N/A       100%        4
 Hydra Form               Tmut           0%         N/A       100%        5


Dungeon Overview and Level Annotations

Branches:
Dungeon (2/15)

Altars:

Shops:
D:1 ?

Annotations:
D:2 Crazy Yiuf


Innate Abilities, Weirdness & Mutations

You are partially covered in thin metallic scales. (AC +2)
A weak demonic guardian rushes to your aid.


Message History

The kobold shouts!
A kobold is nearby!
The kobold hits you with a +2 whip of electrocution.
You closely miss the kobold. The kobold closely misses you.
You riposte.
You hit the kobold.
You kill the kobold!
No target in view!
No target in view!
No target in view!
No target in view!
No target in view!
No target in view!
You see here a +2 whip of electrocution.
There is a stone staircase leading up here.
Crazy Yiuf shouts!
No reachable target in view!
You open the door. You hit Crazy Yiuf but do no damage.
Crazy Yiuf hits you with a +4 quarterstaff of chaos!
Crazy Yiuf freezes you.
A demonic guardian appears!
You hit Crazy Yiuf.
Crazy Yiuf is lightly wounded.
Crazy Yiuf hits you with a +4 quarterstaff of chaos!
* * * LOW HITPOINT WARNING * * *
Crazy Yiuf draws strength from your wounds!
Your iron imp barely misses Crazy Yiuf.
You are too injured to fight recklessly!
You are too injured to fight recklessly!
You are too injured to fight recklessly!
You are too injured to fight recklessly!
You are too injured to fight recklessly!
You are too injured to fight recklessly!
Crazy Yiuf cries, "Gum arm sow!"
You barely miss Crazy Yiuf. Crazy Yiuf completely misses you.
You closely miss Crazy Yiuf. Crazy Yiuf closely misses you.
Your iron imp hits Crazy Yiuf.
You hit Crazy Yiuf.
Crazy Yiuf is moderately wounded.
Crazy Yiuf hits you with a +4 quarterstaff of chaos!
You die...

..>...#......#
######........#
........##.###
########..
.##.#.###### ###
....#.#####
.####.....#
.########.##♣♣ ###
...# #....).♣♣
♣♣#..)# ##.#
#...)...♣♣♣♣5'...#
##.#
#........♣@g♣#...#
.#.# #...)...♣.♣♣♣
### .#.#
#...##♣♣♣♣♣ .#.#
##### ...# #######
.######## #...#.#
........# #.....#
...####.# ###.###
...####.###### #.#


You could see Crazy Yiuf (ally target) and a friendly iron imp (summoned).

Vanquished Creatures
  Robin (D:2)
  3 bats
  3 endoplasms
  4 giant cockroaches
  3 hobgoblins (D:2)
  2 kobolds
  A quokka (D:2)
  3 ball pythons
  5 frilled lizards
  11 goblins
  4 rats
40 creatures vanquished.

Vanquished Creatures (collateral kills)
  A goblin (D:2)
  A hobgoblin (D:2)
2 creatures vanquished.

Grand Total: 42 creatures vanquished

Notes
Turn   | Place    | Note
-------+----------+-------------------------------------------
     0 | D:1      | Nithhogg the Demonspawn Fighter began the quest for the
                  | Orb.
     0 | D:1      | Reached XP level 1. HP: 18/18 MP: 1/1
   164 | D:1      | Found a faded altar of an unknown god.
   212 | D:1      | Gained mutation: You are partially covered in thin metallic
                  | scales. (AC +2) [demonic ancestry]
   212 | D:1      | Reached XP level 2. HP: 24/24 MP: 2/2
   499 | D:1      | Found Ymyerica's Magic Scroll Shop.
  1039 | D:2      | Found a runed translucent door.
  1040 | D:2      | Noticed Crazy Yiuf
  1110 | D:2      | Noticed Robin
  1112 | D:2      | Gained mutation: A weak demonic guardian rushes to your
                  | aid. [demonic ancestry]
  1112 | D:2      | Reached XP level 3. HP: 22/29 MP: 3/3
  1120 | D:2      | Reached skill level 1 in Dodging
  1125 | D:2      | Killed Robin
  1715 | D:2      | Slain by Crazy Yiuf

Illustrated notes

Levels and vault maps discovered:
D:1:      saegor_arrival_simple_c, layout_loops_ring, basic_ecumenical_altar,
          serial_shops, shop
D:2:      layout_loops_cross, serial_park_tiny_1, uniq_crazy_yiuf_cottage,
          uniq_robin

Skill      XL: |  1  2  3 |
---------------+----------+-----
Long Blades    | 2 |  2.2
Dodging        | 1 |  1.2
Armour         | 3 |  3.0
Fighting       | |  3.7
Shields        | |  2.6

Action                   || total
-------------------------++-------
Melee: Long sword        ||    88
  Use: Potion            ||     1
Armor: Scale mail        ||    42
Dodge: Dodged            ||    40
Block: Kite shield       ||     1
       Rpst.: Long sword ||    16

Table legend: (Time is in decaauts)
 A = Elapsed time spent in this place.
 B = Non-inter-level travel time spent in this place.
 C = Inter-level travel time spent in this place.
 D = Time resting spent in this place.
 E = Time spent auto-exploring this place.
 F = Levels seen in this place.
 G = Mean time per level.
                   A        B        C        D        E       F      G
               +--------+--------+--------+--------+--------+-----+--------+
         Total |   1740 |   1686 |     54 |      0 |   1461 |   2 |  870.0 |
       Dungeon |   1740 |   1686 |     54 |      0 |   1461 |   2 |  870.0 |
               +--------+--------+--------+--------+--------+-----+--------+

Top non-repeatable levels by time:
     D:2: 1010 daAuts
     D:1: 730 daAuts
